[Event "TUR-ch Men 2018"]
[Site "Kemer"]
[Date "2018.10.17"]
[Round "1.1"]
[White "Gunduz, Umut Erdem"]
[Black "Erdogdu, Mert"]
[Result "0-1"]
[ECO "B55"]
[WhiteElo "2205"]
[BlackElo "2406"]
[Annotator "NA"]
[PlyCount "80"]
[EventDate "2018.10.26"]
[EventType "tourn"]
[EventCountry "TUR"]
[SourceTitle "playchess.com"]
[Source "ChessBase"]
[SourceQuality "1"]
[TimeControl "5400+30"]

1. e4 c5 2. Nf3 d6 3. d4 cxd4 4. Nxd4 Nf6 5. f3 e5 6. Nb3 Be7 7. c4 a5 8. a4 {[%emt 0:04:30] LiveBook: 5 Games} Nc6 9. Be3 Be6 10. Be2 Rc8 11. O-O Nb4 12. Na3 O-O 13. Qd2 Ne8 14. Rad1 $11 h6 15. Rfe1 Bg5 16. Bf1 Bxe3+ 17. Qxe3 Bd7 18. Nd2 Bxa4 19. b3 Bc6 20. Ndb1 Na6 21. Nc3 Nc5 22. Ncb5 Qg5 23. Na7 Rd8 24. Qc3 f5 25. exf5 Rxf5 26. Nxc6 bxc6 27. Nc2 Rb8 28. b4 axb4 29. Nxb4 Rb6 30. Ra1 Rf8 31. Ra8 e4 32. fxe4 Qf4 33. Raa1 Qf2+ 34. Kh1 Nxe4 35. Qa3 Qd4 36. Nd3 N8f6 37. Qa7 Rf7 38. Qa2 Rb8 39. Rad1 Ng4 40. h3 Ng3# 0-1

[Event "TUR-ch Men 2018"]
[Site "Kemer"]
[Date "2018.10.17"]
[Round "1.2"]
[White "Zor, Alber Kadir"]
[Black "Ozen, Deniz"]
[Result "0-1"]
[ECO "C08"]
[WhiteElo "2167"]
[BlackElo "2411"]
[Annotator "NA"]
[PlyCount "116"]
[EventDate "2018.10.26"]
[EventType "tourn"]
[EventCountry "TUR"]
[SourceTitle "playchess.com"]
[Source "ChessBase"]
[SourceQuality "1"]
[TimeControl "5400+30"]

1. e4 e6 2. d4 d5 3. Nd2 c5 4. exd5 exd5 5. Ngf3 a6 6. dxc5 Bxc5 7. Bd3 Qe7+ {[%emt 0:03:30] C08: French Tarrasch: 3...c5 4 exd5 exd5 sidelines} (7... Nf6 8. O-O O-O 9. h3 Nc6 10. Nb3 Bb6 11. Re1 Ne4 12. Be3 Bc7 13. c4 Be6 14. Nc5 Nxc5 15. Bxc5 Re8 {0-1 (53) Hammer,J (2677)-Topalov,V (2798) Stavanger 2015}) 8. Qe2 Qxe2+ {[%emt 0:00:00] LiveBook: 6 Games} 9. Kxe2 Nf6 10. h3 O-O 11. Re1 Re8+ 12. Kf1 Rxe1+ 13. Kxe1 Nc6 14. c3 Bd7 15. Nb3 Re8+ $146 16. Kf1 Ba7 $11 17. Bf4 Ne4 18. Nbd4 Nc5 19. Be2 Nxd4 20. Nxd4 Na4 21. Bf3 Nxb2 22. Bxd5 b5 23. Be3 Na4 24. Rc1 Rc8 25. Ne2 Bxe3 26. fxe3 Kf8 27. c4 Nb6 28. Bb7 Rxc4 29. Rd1 Rc7 30. Be4 Ke7 31. Nf4 g6 32. Ke2 Rc5 33. Bd3 Nd5 34. Nxd5+ Rxd5 35. Rc1 Kd6 36. Be4 Rc5 37. Rd1+ Ke7 38. Rd2 Be6 39. Rb2 a5 40. Bd3 b4 41. Bc2 Kd6 42. Bb3 Bxb3 43. axb3 Kc6 44. Kd3 Rc3+ 45. Kd4 Kb5 46. e4 Rc7 47. Ra2 Ra7 48. e5 a4 49. bxa4+ Rxa4 50. Rf2 Ra7 51. Kd3 Rc7 52. Rb2 Ka4 53. Ra2+ Kb3 54. Ra6 Kb2 55. g4 b3 56. Kd2 Kb1 57. Ra5 Rd7+ 58. Ke1 b2 0-1

[Event "TUR-ch Men 2018"]
[Site "Kemer"]
[Date "2018.10.17"]
[Round "1.3"]
[White "Yilmazyerli, Mert"]
[Black "Gulbas, Cemil"]
[Result "1/2-1/2"]
[ECO "C03"]
[WhiteElo "2442"]
[BlackElo "2393"]
[Annotator "NA"]
[PlyCount "69"]
[EventDate "2018.10.26"]
[EventType "tourn"]
[EventCountry "TUR"]
[SourceTitle "playchess.com"]
[Source "ChessBase"]
[SourceQuality "1"]
[TimeControl "5400+30"]

1. e4 e6 2. d4 d5 3. Nd2 h6 4. Bd3 Nf6 5. e5 Nfd7 {[%emt 0:00:30] LiveBook: 5 Games} 6. Ne2 c5 7. c3 b6 8. O-O Ba6 9. Bxa6 Nxa6 10. f4 g6 11. Nf3 Be7 $16 12. Be3 Nc7 13. g4 h5 14. h3 Qc8 15. Ng3 hxg4 16. hxg4 Qa6 17. Kg2 O-O-O 18. Qe2 Qxe2+ 19. Nxe2 Rh7 20. Rh1 Rdh8 21. Rxh7 Rxh7 22. Ng3 Kd8 23. Re1 c4 24. Bd2 b5 25. f5 gxf5 26. gxf5 exf5 27. Nxf5 Ne6 28. Rg1 Ndf8 29. a4 bxa4 30. Ra1 a3 31. bxa3 Ng6 32. Kg3 Kc7 33. Rb1 a6 34. a4 Rh8 35. Be3 1/2-1/2

[Event "TUR-ch Men 2018"]
[Site "Kemer"]
[Date "2018.10.17"]
[Round "1.4"]
[White "Apaydin, Fethi"]
[Black "Soysal, Serkan"]
[Result "1/2-1/2"]
[ECO "C47"]
[WhiteElo "2353"]
[BlackElo "2415"]
[Annotator "NA"]
[PlyCount "123"]
[EventDate "2018.10.26"]
[EventType "tourn"]
[EventCountry "TUR"]
[SourceTitle "playchess.com"]
[Source "ChessBase"]
[SourceQuality "1"]
[TimeControl "5400+30"]

1. e4 e5 2. Nc3 Nf6 3. Nf3 Nc6 4. d4 exd4 5. Nxd4 Bc5 6. Be3 Bb6 7. Qd2 O-O 8. O-O-O Re8 9. f3 d5 10. exd5 Nxd5 11. Bg5 {[%emt 0:03:30] LiveBook: 5 Games} f6 12. Bc4 Nxd4 13. Nxd5 Be6 {[%emt 0:00:30] [#]} 14. Bxf6 $1 gxf6 15. Nxb6 axb6 16. Qxd4 Qxd4 17. Rxd4 Bxc4 18. Rxc4 Rxa2 19. Kd2 $11 ({Nur nicht} 19. Kb1 $2 Rea8 $19) 19... c5 20. b3 Re5 21. Ra4 Rxa4 22. bxa4 Rg5 23. g3 Rd5+ 24. Ke3 Re5+ 25. Kd3 Rd5+ 26. Ke3 Re5+ 27. Kf4 Kf7 28. Rb1 Re6 29. h4 h5 30. a5 bxa5 31. Rxb7+ Kg6 32. Rb5 Ra6 33. Rb3 Re6 34. Rb5 Ra6 35. Ke4 a4 36. Rb2 Rd6 37. Ke3 Rd1 38. Ra2 Rc1 39. Ke4 Re1+ 40. Kd5 Re5+ 41. Kc4 Re3 42. Rxa4 Rxf3 43. Kxc5 Rxg3 44. Kd5 Rc3 45. Rc4 Rh3 46. Re4 Rc3 47. Re2 Kf5 48. Kd4 Rc8 49. c4 Rd8+ 50. Kc5 Kg4 51. Re4+ Kg3 52. Kb6 f5 53. Re5 Rf8 54. c5 Kxh4 55. c6 Kg4 56. c7 f4 57. Rd5 Rc8 58. Rd8 Rxc7 59. Kxc7 f3 60. Rg8+ Kh3 61. Rf8 Kg2 62. Rg8+ 1/2-1/2

[Event "TUR-ch Men 2018"]
[Site "Kemer"]
[Date "2018.10.17"]
[Round "1.5"]
[White "Soylu, Suat"]
[Black "Baglan, Esat"]
[Result "1/2-1/2"]
[ECO "D36"]
[WhiteElo "2327"]
[BlackElo "2343"]
[Annotator "NA"]
[PlyCount "78"]
[EventDate "2018.10.26"]
[EventType "tourn"]
[EventCountry "TUR"]
[SourceTitle "playchess.com"]
[Source "ChessBase"]
[SourceQuality "1"]
[TimeControl "5400+30"]

1. Nf3 d5 2. c4 c6 3. d4 Nf6 4. Nc3 e6 5. cxd5 exd5 6. Qc2 Na6 7. Bg5 Nb4 $14 {[%emt 0:27:30] LiveBook: 14 Games} 8. Qb3 Bf5 9. Rc1 Qb6 10. Bxf6 gxf6 11. Qd1 Na6 12. Qd2 Rg8 13. g3 Nc7 14. Bg2 Ne6 15. O-O Be4 16. e3 Bb4 17. Qe2 Bxc3 18. bxc3 O-O-O 19. Nh4 Bxg2 20. Kxg2 Qc7 21. Qf3 Qe7 22. c4 Ng5 23. Qf5+ Qe6 24. c5 h5 25. f4 Ne4 26. Rc2 Kb8 27. Rf3 Rh8 28. Qxe6 fxe6 29. f5 Rhe8 30. fxe6 Rxe6 31. Nf5 Rg8 32. Rf4 Kc7 33. Rf1 b6 34. cxb6+ axb6 35. Rfc1 Rg5 36. Nh4 Rg8 37. Nf5 Rg5 38. Nh4 Rg8 39. Nf5 Rg5 1/2-1/2

[Event "TUR-ch Men 2018"]
[Site "Kemer"]
[Date "2018.10.17"]
[Round "1.6"]
[White "Koksal, Ege"]
[Black "Sevgi, Volkan"]
[Result "1-0"]
[ECO "A81"]
[WhiteElo "2351"]
[BlackElo "2296"]
[Annotator "NA"]
[PlyCount "105"]
[EventDate "2018.10.26"]
[EventType "tourn"]
[EventCountry "TUR"]
[SourceTitle "playchess.com"]
[Source "ChessBase"]
[SourceQuality "1"]
[TimeControl "5400+30"]

1. d4 f5 2. g3 Nf6 3. Bg2 g6 4. h4 Bg7 5. Nh3 {[%emt 0:00:30] LiveBook: 7 Games} Nc6 6. Nc3 d5 7. Bf4 Ne4 $14 8. Nb5 Nd6 9. Qd3 a6 10. Nxd6+ cxd6 11. c3 e6 12. Qe3 Kf8 13. Bh6 Bd7 14. h5 Qe7 15. O-O-O Bxh6 16. Qxh6+ Qg7 17. Qg5 h6 18. Qf4 e5 19. Qd2 Be6 20. Qe3 Ne7 21. hxg6 Qf6 22. Bf3 Kg7 23. Bh5 b5 24. Ng1 f4 25. dxe5 dxe5 26. gxf4 exf4 27. Qd4 Nf5 28. Qxf4 d4 29. Nf3 dxc3 30. Qe5 Rac8 31. e4 Ne7 32. Rd6 Qxe5 33. Nxe5 Bxa2 34. bxc3 Rhf8 35. Rd7 Rfe8 36. f4 Be6 37. Rd6 Bg8 38. Kb2 Rc7 39. Rg1 b4 40. f5 bxc3+ 41. Kc1 Rf8 42. Nf7 Bxf7 43. f6+ Kg8 44. gxf7+ Kh7 45. fxe7 Rxe7 46. Rxa6 Re5 47. Bg6+ Kg7 48. Bf5+ Kxf7 49. Rxh6 Ra5 50. Rgg6 Rfa8 51. Rh7+ Kf8 52. Rh8+ Kf7 53. Kc2 1-0

[Event "TUR-ch Men 2018"]
[Site "Kemer"]
[Date "2018.10.29"]
[Round "3.1"]
[White "Zor, Alber Kadir"]
[Black "Erdogdu, Mert"]
[Result "0-1"]
[ECO "C50"]
[WhiteElo "2167"]
[BlackElo "2406"]
[Annotator "NA"]
[PlyCount "78"]
[EventDate "2018.10.26"]
[EventType "tourn"]
[EventCountry "TUR"]
[SourceTitle "playchess.com"]
[Source "ChessBase"]
[SourceQuality "1"]
[TimeControl "5400+30"]

1. e4 e5 2. Nf3 Nc6 3. Bc4 Nf6 4. d3 Bc5 5. O-O O-O 6. h3 {[%emt 0:10:30] LiveBook: 216 Games C50: Hungarian Defence and Giuoco Pianissimo} (6. c3 d5 7. exd5 Nxd5 8. Re1 Bg4 9. Nbd2 Nb6 10. Bb5 Bd6 11. h3 Bh5 12. Ne4 Re8 13. Bg5 f6 14. Be3 a6 15. Bxc6 bxc6 16. Ng3 Bf7 17. c4 Bb4 18. Re2 Bf8 19. b3 c5 {0-1 (89) Nakamura,H (2777)-Grischuk,A (2766) Saint Louis 2018}) 6... a6 7. a4 Re8 8. Re1 h6 9. Nbd2 $146 ({Predecessor:} 9. c3 d6 10. Nbd2 Be6 11. b4 Ba7 12. Bxe6 Rxe6 13. Nf1 d5 {½-½ (24) Fedorchuk,S (2615)-Maze,S (2615) Le Port Marly 2016}) 9... Bf8 10. c3 d6 11. Qb3 Re7 12. a5 b5 13. axb6 $1 cxb6 14. Qa2 Na5 15. Bd5 Nxd5 16. exd5 Bf5 17. Ne4 Nb7 18. b4 Rc7 19. Bd2 Bh7 20. Qb3 ({Besser ist} 20. d4 $11) 20... f5 21. Ng3 Kh8 22. c4 a5 23. Ra2 axb4 24. Bxb4 Nc5 25. Bxc5 bxc5 26. Rea1 Rb8 27. Qxb8 Qxb8 28. Ra8 Rb7 29. Rxb8 Rxb8 30. Kf1 Kg8 31. Ra7 Re8 32. Ke2 e4 33. dxe4 $2 (33. Nd2 $1 $11 {and White has nothing to worry.}) 33... f4 $19 34. Nh5 Rxe4+ 35. Kd1 Rxc4 36. g4 fxg3 37. fxg3 Be4 38. Nh4 Bxd5 39. Kd2 Bf7 0-1

[Event "TUR-ch Men 2018"]
[Site "Kemer"]
[Date "2018.10.29"]
[Round "3.4"]
[White "Soylu, Suat"]
[Black "Gulbas, Cemil"]
[Result "0-1"]
[ECO "B84"]
[WhiteElo "2327"]
[BlackElo "2393"]
[Annotator "NA"]
[PlyCount "64"]
[EventDate "2018.10.26"]
[EventType "tourn"]
[EventCountry "TUR"]
[SourceTitle "playchess.com"]
[Source "ChessBase"]
[SourceQuality "1"]
[TimeControl "5400+30"]

1. e4 c5 2. Nf3 Nc6 3. d4 cxd4 4. Nxd4 e6 5. Nc3 Qc7 6. Be3 a6 7. Qd2 Nf6 8. f4 d6 9. Be2 Bd7 {[%emt 0:08:30] B84: Sicilian Scheveningen: 6 Be2 a6, lines without early Be3} 10. O-O-O {[%emt 0:06:30] LiveBook: 8 Games} (10. Nb3 $14) 10... Nxd4 (10... b5 11. Bxb5 axb5 12. Ndxb5 Qa5 13. Nxd6+ Bxd6 14. Qxd6 O-O-O 15. e5 Be8 {1-0 (49) Gledura,B (2602)-Bachmann,A (2646) Chartres 2017}) 11. Qxd4 Rc8 $146 ({Predecessor:} 11... Bc6 12. g4 Nd7 13. Kb1 Be7 14. g5 e5 15. Nd5 exd4 16. Nxc7+ Kd8 17. Nxa8 dxe3 {1-0 (32) Watson,W (2535)-Semkov,S (2470) Saint John 1988}) 12. Bf3 Bc6 13. Kb1 Nd7 {[%emt 0:20:17]  [%clk 0:11:13]} 14. Rhe1 e5 15. Qd2 Be7 16. Bg4 Rd8 17. Bxd7+ Rxd7 18. Nd5 Bxd5 19. Qxd5 Rd8 20. Rd3 O-O 21. Red1 Rc8 22. Rc3 Qb8 23. Rdd3 h6 24. a4 Rfe8 25. Rxc8 Qxc8 26. Rb3 exf4 27. Bxf4 Qg4 28. g3 b5 29. axb5 axb5 30. Rxb5 Rc8 31. Rb7 Qe2 $14 32. Qb3 Qf1+ 0-1

[Event "TUR-ch Men 2018"]
[Site "Kemer"]
[Date "2018.10.29"]
[Round "3.6"]
[White "Sevgi, Volkan"]
[Black "Baglan, Esat"]
[Result "1/2-1/2"]
[ECO "C07"]
[WhiteElo "2296"]
[BlackElo "2343"]
[Annotator "ChessBase"]
[PlyCount "60"]
[EventDate "2018.10.26"]
[EventType "tourn"]
[EventCountry "TUR"]
[SourceTitle "playchess.com"]
[Source "ChessBase"]
[SourceQuality "1"]
[TimeControl "5400+30"]

1. e4 {[%emt 0:00:30] 2} e6 {[%emt 0:00:30] 2} 2. d4 {[%emt 0:00:30] 2} d5 3. Nd2 c5 4. Ngf3 Nc6 5. Bb5 cxd4 6. Nxd4 Bd7 7. Nxc6 bxc6 8. Bd3 Bd6 9. Qe2 Qb8 10. Nf3 Ne7 11. e5 Bc7 12. O-O Ng6 13. Re1 O-O 14. Ng5 Bxe5 15. Qh5 h6 16. Nxf7 Bxh2+ 17. Kh1 Rxf7 18. Qxg6 Bf4 19. Qh7+ Kf8 20. Bg6 Bxc1 21. Bxf7 Bxb2 22. Qg8+ Ke7 23. Bxe6 Qxg8 24. Bxg8+ Kd6 25. Rab1 Bc3 26. Re3 d4 27. Rd1 Kc7 28. Be6 dxe3 29. Rxd7+ Kb6 30. fxe3 Re8 1/2-1/2

[Event "TUR-ch Men 2018"]
[Site "Kemer"]
[Date "2018.10.17"]
[Round "4.5"]
[White "Gunduz, Umut Erdem"]
[Black "Apaydin, Fethi"]
[Result "1/2-1/2"]
[ECO "B51"]
[WhiteElo "2205"]
[BlackElo "2353"]
[Annotator "NA"]
[PlyCount "98"]
[EventDate "2018.10.26"]
[EventType "tourn"]
[EventCountry "TUR"]
[SourceTitle "playchess.com"]
[Source "ChessBase"]
[SourceQuality "1"]
[TimeControl "5400+30"]

1. e4 c5 2. Nf3 d6 3. Bb5+ Nd7 4. O-O a6 5. Bxd7+ Bxd7 6. d4 cxd4 7. Qxd4 e5 8. Qd3 Rc8 9. Nc3 h6 10. a4 Nf6 11. Be3 Qc7 {[%emt 0:04:30] LiveBook: 8 Games} 12. Nd2 Be7 13. Rfd1 O-O 14. a5 Be6 15. Bb6 Qc6 16. Nf1 Bc4 17. Qf3 Bd8 18. Bxd8 Rfxd8 19. Ne3 Be6 20. g4 b5 21. h4 Qd7 22. g5 hxg5 23. hxg5 Nh7 $1 24. Qh5 Re8 25. Kg2 Qd8 {[%emt 0:01:31] [#]} (25... Qe7 $1 $14) 26. Rxd6 $1 Qxd6 27. Rh1 Bh3+ 28. Qxh3 Qg6 29. Nf5 Rc6 30. Nd5 Qxg5+ 31. Kf3 Qf4+ 32. Nxf4 Ng5+ 33. Kg2 Nxh3 34. Nxh3 Rxc2 35. Rb1 b4 36. Ne3 Rc5 37. Ra1 Rb8 38. Ng1 Rbb5 39. Ra4 Rc1 40. Nf3 Rcc5 41. b3 (41. Ne1 $5 ) 41... Rxa5 42. Rxb4 Rcb5 43. Rxb5 Rxb5 44. Nd2 g6 45. Kf3 Kg7 46. Nd5 f5 47. Ke3 Kh6 48. Kd3 Kh5 49. b4 $11 Kg4 1/2-1/2

[Event "TUR-ch Men 2018"]
[Site "Kemer"]
[Date "2018.10.17"]
[Round "6.1"]
[White "Erdogdu, Mert"]
[Black "Soysal, Serkan"]
[Result "1/2-1/2"]
[ECO "A42"]
[WhiteElo "2406"]
[BlackElo "2415"]
[Annotator "ChessBase"]
[PlyCount "114"]
[EventDate "2018.10.26"]
[EventType "tourn"]
[EventCountry "TUR"]
[SourceTitle "playchess.com"]
[Source "ChessBase"]
[SourceQuality "1"]
[TimeControl "5400+30"]

1. c4 c6 2. e4 d6 3. d4 g6 4. Nc3 Bg7 5. Be3 a6 6. Nf3 Nd7 7. Be2 Ngf6 8. O-O O-O 9. Nd2 e5 10. d5 c5 11. a3 Ne8 12. b4 b6 13. bxc5 bxc5 14. Rb1 f5 15. Nb3 Nef6 16. exf5 gxf5 17. f4 e4 18. Qd2 h5 19. h3 Rf7 20. Bf2 Bh6 21. Bh4 Qc7 22. Bg5 Bg7 23. Nd1 a5 24. Ne3 a4 25. Na1 Nf8 26. Nac2 N8h7 27. Bh4 Bd7 28. Qd1 Rb8 29. Bxh5 Nxh5 30. Qxh5 Rb3 31. Kh1 Qb8 32. Rbe1 Qe8 33. Qg6 Rb6 34. g4 fxg4 35. hxg4 Rf8 36. Qxe8 Rxe8 37. f5 Bc3 38. Re2 Kg7 39. Kg2 Bf6 40. Bxf6+ Kxf6 41. Rh1 Ng5 42. Kg3 Ke5 43. Reh2 Rbb8 44. Rh6 Rg8 45. R1h5 Rbf8 46. Rg6 Rxg6 47. fxg6 Kf6 48. g7 Rg8 49. Rh6+ Ke5 50. Rg6 Nf3 51. Ng2 Nd4 52. Nce3 Be8 53. Rh6 Rxg7 54. Nf4 Bf7 55. Rh8 Rg8 56. Rh7 Kf6 57. Rh6+ Ke5 1/2-1/2

[Event "TUR-ch Men 2018"]
[Site "Kemer"]
[Date "2018.10.17"]
[Round "6.2"]
[White "Gulbas, Cemil"]
[Black "Baglan, Esat"]
[Result "1/2-1/2"]
[ECO "D48"]
[WhiteElo "2393"]
[BlackElo "2343"]
[Annotator "NA"]
[PlyCount "51"]
[EventDate "2018.10.26"]
[EventType "tourn"]
[EventCountry "TUR"]
[SourceTitle "playchess.com"]
[Source "ChessBase"]
[SourceQuality "1"]
[TimeControl "5400+30"]

1. d4 d5 2. Nf3 Nf6 3. c4 c6 4. Nc3 e6 5. e3 Nbd7 6. Bd3 dxc4 7. Bxc4 b5 8. Bd3 a6 9. e4 c5 10. d5 c4 11. Bc2 e5 12. O-O Bd6 13. Ne2 O-O {[%emt 0:04:30] D48: Damengambit (Meraner Variante)} 14. Ng3 Nc5 15. h3 a5 16. Bg5 h6 17. Be3 Re8 18. Qe2 $146 ({Vorgänger:} 18. Nh4 Nfxe4 19. Ngf5 Nf6 20. Qd2 Bf8 21. Bxc5 Bxc5 {1-0 (59) Gordievsky,D (2443)-Bukavshin,I (2522) Loo 2013}) 18... a4 19. Bd2 Bd7 20. Rfd1 Nh7 21. Nh2 Qh4 22. Ng4 Nf6 23. Nh2 $11 Nh7 24. Ng4 Nf6 25. Nh2 Nh7 26. Ng4 1/2-1/2

[Event "TUR-ch Men 2018"]
[Site "Kemer"]
[Date "2018.10.17"]
[Round "6.3"]
[White "Ozen, Deniz"]
[Black "Sevgi, Volkan"]
[Result "1-0"]
[ECO "B52"]
[WhiteElo "2411"]
[BlackElo "2296"]
[Annotator "NA"]
[PlyCount "141"]
[EventDate "2018.10.26"]
[EventType "tourn"]
[EventCountry "TUR"]
[SourceTitle "playchess.com"]
[Source "ChessBase"]
[SourceQuality "1"]
[TimeControl "5400+30"]

1. e4 c5 2. Nf3 d6 3. Bb5+ Bd7 4. Bxd7+ Qxd7 5. O-O Nf6 6. Qe2 Nc6 7. Rd1 {[%emt 0:00:00] B52: Sicilian: Moscow Variation with 3...Bd7} (7. b3 g6 8. Bb2 Bg7 9. c4 Nh5 10. Bxg7 Nxg7 11. Nc3 O-O 12. Qe3 e5 13. d3 f5 14. Nd5 f4 15. Qd2 Ne6 16. b4 {½-½ (71) Anand,V (2759)-Grischuk,A (2766) Leuven 2018}) 7... g5 8. c3 g4 9. Nh4 Qe6 10. d3 d5 11. Bg5 O-O-O 12. Nd2 dxe4 $146 ({Predecessor:} 12... Rg8 13. Bf4 Nh5 14. Bg3 Nxg3 15. hxg3 {½-½ (32) Schneider,H (2157)-Petruzzelli,R (2119) ICCF email 2012}) 13. dxe4 Rg8 14. Bf4 Nh5 15. Be3 Qf6 16. Nf5 e6 17. Ng3 Nxg3 18. hxg3 h5 19. Nc4 Be7 20. Rxd8+ Rxd8 21. Rd1 Rxd1+ 22. Qxd1 Kc7 23. Bf4+ e5 24. Ne3 Qe6 25. Nd5+ Kc8 26. Be3 Bd6 27. Qd3 Ne7 28. Qc4 Nxd5 ({Better is} 28... b6 $1 $14) 29. exd5 Qe7 30. Qe4 Qf6 31. b4 ({White should play} 31. Qh7 $16) 31... cxb4 32. cxb4 Qg6 33. Qc4+ Kd8 {[%emt 0:00:46] [#]} 34. a3 ({Inferior is} 34. Bxa7 Qb1+ 35. Kh2 Qxb4 $11) (34. Qb5 $1 $18) 34... a6 35. Kh2 f5 $1 36. Bc5 Kd7 37. b5 Bxc5 38. Qxc5 axb5 39. Qxb5+ Kc7 40. Qc5+ Kd7 41. Qb5+ Kc7 42. Qc5+ Kd7 43. Qf8 h4 44. gxh4 f4 45. g3 Qc2 (45... fxg3+ $142 46. Kxg3 b5) 46. Qf7+ Kd8 $18 47. Qf6+ Kd7 48. Qe6+ Kd8 49. Qb6+ Ke8 50. gxf4 g3+ 51. Kxg3 exf4+ 52. Kxf4 Qc4+ 53. Ke5 Qc3+ 54. Qd4 Qxa3 55. Qe3 Qf8 56. d6 Kd7 57. Qh3+ Kc6 58. Qc3+ Kb5 59. Qb3+ Ka6 60. Qa4+ Kb6 61. Qd4+ Ka6 62. d7 Qg7+ 63. Ke4 Qg4+ 64. Ke3 Qe6+ 65. Kf4 Qf7+ 66. Kg3 Qg8+ 67. Kh2 Qd8 68. h5 b5 69. h6 b4 70. h7 Qc7+ 71. Kh3 1-0

[Event "TUR-ch Men 2018"]
[Site "Kemer"]
[Date "2018.10.17"]
[Round "6.4"]
[White "Gunduz, Umut Erdem"]
[Black "Koksal, Ege"]
[Result "0-1"]
[ECO "C72"]
[WhiteElo "2205"]
[BlackElo "2351"]
[Annotator "NA"]
[PlyCount "100"]
[EventDate "2018.10.26"]
[EventType "tourn"]
[EventCountry "TUR"]
[SourceTitle "playchess.com"]
[Source "ChessBase"]
[SourceQuality "1"]
[TimeControl "5400+30"]

1. e4 e5 2. Nf3 Nc6 3. Bb5 a6 4. Ba4 d6 5. O-O Bg4 6. d3 {[%emt 0:19:30] C72: Ruy Lopez: Deferred Steinitz: 5 0-0} (6. h3 h5 7. Bxc6+ bxc6 8. d4 Bxf3 9. Qxf3 exd4 10. e5 d5 11. c3 Bc5 12. Rd1 Qd7 13. cxd4 Bb6 14. Bg5 Ne7 15. Bxe7 Qxe7 {½-½ (36) Zhigalko,S (2641)-Fressinet,L (2662) Katowice 2017}) 6... Qf6 7. Nbd2 Nge7 8. h3 Bd7 $146 ({Predecessor:} 8... h5 9. Bxc6+ bxc6 10. c3 Ng6 11. Qa4 Kd7 12. d4 Nf4 13. d5 Rb8 14. Qxc6+ {0-1 (31) Budnikova,V (1767)-Potapenko,G Samara 2014}) 9. Bxc6 Nxc6 10. Nc4 h6 11. Ne3 O-O-O 12. Nd5 Qg6 13. Nh4 Qh7 14. Be3 Be7 15. Nf3 f5 16. exf5 Qxf5 17. b4 Be6 18. Nxe7+ Nxe7 19. b5 axb5 20. a4 Bd5 21. Nd2 Qg6 22. f3 bxa4 23. Rxa4 Bc6 24. Ra7 Nd5 25. Qe2 Rhe8 26. Nc4 Kd7 27. Rfa1 Nf4 28. Bxf4 exf4 29. Qf2 Qg3 30. Na5 Qxf2+ 31. Kxf2 Re6 32. Re1 {Black should try} Rxe1 $17 (32... Re5 ) 33. Kxe1 Re8+ 34. Kf2 (34. Kd2 b5 35. Nxc6 Kxc6) 34... Re5 35. Nc4 Rc5 36. h4 b5 37. Na3 $19 b4 38. Nc4 Bb5 39. Ra5 Bxc4 40. Rxc5 dxc5 41. dxc4 Kd6 42. Ke2 Ke5 43. Kd3 h5 44. c3 b3 45. Kd2 Kf5 46. Kc1 g5 47. Kb2 gxh4 48. Kxb3 h3 49. gxh3 Kg5 50. Ka4 Kh4 0-1

[Event "TUR-ch Men 2018"]
[Site "Kemer"]
[Date "2018.10.17"]
[Round "7.1"]
[White "Apaydin, Fethi"]
[Black "Erdogdu, Mert"]
[Result "1/2-1/2"]
[ECO "D00"]
[WhiteElo "2353"]
[BlackElo "2406"]
[Annotator "ChessBase"]
[PlyCount "102"]
[EventDate "2018.10.26"]
[EventType "tourn"]
[EventCountry "TUR"]
[SourceTitle "playchess.com"]
[Source "ChessBase"]
[SourceQuality "1"]
[TimeControl "5400+30"]

1. d4 Nf6 2. Bg5 d5 3. Nd2 c5 4. dxc5 e6 5. Ngf3 Bxc5 6. e3 Nc6 7. Bd3 h6 8. Bh4 g5 9. Bg3 Nh5 10. Be5 Nxe5 11. Nxe5 Nf6 12. h4 Rg8 13. hxg5 hxg5 14. Bb5+ Ke7 15. Nb3 Bd6 16. Ng4 Nxg4 17. Qxg4 Qb6 18. Qe2 a6 19. Bd3 Bd7 20. O-O-O a5 21. Nd4 Be5 22. c3 Rac8 23. Rh7 Rh8 24. Rxh8 Rxh8 25. Nf3 Bf6 26. e4 dxe4 27. Bxe4 Ba4 28. Bc2 Bc6 29. Ne5 Bb5 30. Qe1 Qc7 31. Ng4 Qf4+ 32. Ne3 Rd8 33. Rxd8 Kxd8 34. c4 Bc6 35. Qxa5+ Ke8 36. Qd2 Bd4 37. g3 Qe5 38. b3 Bb2+ 39. Kb1 Ba3 40. Bd3 f5 41. Nd1 Bf3 42. Qe3 Qxe3 43. Nxe3 Bc5 44. Kc2 Bb4 45. g4 f4 46. Nf1 Bxg4 47. Nh2 Bh5 48. f3 Ke7 49. Be4 b6 50. Kd3 Kd6 51. Ng4 Bxg4 1/2-1/2

[Event "TUR-ch Men 2018"]
[Site "Kemer"]
[Date "2018.10.17"]
[Round "7.4"]
[White "Sevgi, Volkan"]
[Black "Gunduz, Umut Erdem"]
[Result "1-0"]
[ECO "C07"]
[WhiteElo "2296"]
[BlackElo "2205"]
[Annotator "NA"]
[PlyCount "91"]
[EventDate "2018.10.26"]
[EventType "tourn"]
[EventCountry "TUR"]
[SourceTitle "playchess.com"]
[Source "ChessBase"]
[SourceQuality "1"]
[TimeControl "5400+30"]

1. e4 e6 2. d4 d5 3. Nd2 c5 4. Ngf3 Nc6 5. Bb5 cxd4 6. Nxd4 Bd7 7. Nxc6 bxc6 8. Bd3 {[%emt 0:00:00] LiveBook: 208 Games} Bd6 {[%emt 0:00:00] C07: French Tarrasch: 3...c5, 4 Ngf3 and 4 exd5 Qxd5} 9. Qe2 e5 (9... Ne7 10. Nf3 h6 11. c4 O-O 12. O-O a5 13. Re1 a4 14. Bd2 Rb8 15. Bc3 Bb4 16. Ne5 Bxc3 17. bxc3 {½-½ (52) Navara,D (2740)-Kovalenko,I (2639) Katowice 2017}) 10. f4 exf4 11. exd5+ Kf8 $1 $146 ({Predecessor:} 11... Ne7 12. Ne4 Be5 13. Ng5 Qc7 14. dxc6 Bxc6 15. Bc4 Bd5 16. Bxd5 {0-1 (51) Bezemer,A (2295)-Elgersma,S (2136) Vlissingen 2018}) 12. Ne4 Be5 13. Nc5 Qa5+ 14. Kf1 Qxc5 15. Qxe5 f3 16. Be3 fxg2+ 17. Kxg2 Qxd5+ 18. Qxd5 cxd5 19. Bc5+ Ke8 20. Rhe1+ Be6 21. Rad1 Nf6 22. c4 Kd7 23. cxd5 Bxd5+ 24. Kg1 Kc6 25. Rc1 Rhe8 26. Rxe8 Nxe8 27. b4 Kb7 28. a4 Nc7 29. b5 a6 30. Bd6 Ne6 31. bxa6+ Kb6 32. Bb5 Rd8 33. Be7 Ra8 34. Bh4 Rxa6 35. Bf2+ Kb7 36. Bxa6+ Kxa6 37. Rb1 Bc4 38. Rb4 Bd3 39. Rb8 Be4 40. Rb4 Bc2 41. Be1 Bg6 42. Bc3 Bc2 {[%emt 0:00:00] [#]} 43. a5 $1 g6 44. Rb6+ $2 (44. Bd2 $18 {is more deadly.}) 44... Ka7 45. Bd2 $18 Bd3 46. Be3 1-0

[Event "TUR-ch Men 2018"]
[Site "Kemer"]
[Date "2018.10.17"]
[Round "7.5"]
[White "Baglan, Esat"]
[Black "Ozen, Deniz"]
[Result "1/2-1/2"]
[ECO "C02"]
[WhiteElo "2343"]
[BlackElo "2411"]
[Annotator "NA"]
[PlyCount "77"]
[EventDate "2018.10.26"]
[EventType "tourn"]
[EventCountry "TUR"]
[SourceTitle "playchess.com"]
[Source "ChessBase"]
[SourceQuality "1"]
[TimeControl "5400+30"]

1. e4 e6 2. d4 d5 3. e5 c5 4. c3 Nc6 5. Nf3 Qb6 6. a3 c4 7. Nbd2 Bd7 8. g3 {[%emt 0:17:30] LiveBook: 47 Games} O-O-O (8... Na5 $11) 9. Bg2 ({Lieber} 9. b3 $14) 9... Kb8 10. O-O Na5 $1 11. Re1 h6 12. Nf1 Ne7 13. Rb1 Qc7 14. h4 Nc8 15. Bf4 Nb6 16. Ne3 Ba4 17. Qe2 Be7 18. h5 {[%emt 0:01:30] [#]} (18. g4 $11) 18... g5 $1 19. hxg6 fxg6 20. Ng4 g5 21. Be3 Rdf8 (21... Be8 $142 22. Qc2 Nd7) 22. Nf6 Bxf6 23. exf6 Rxf6 24. Ne5 Qh7 25. Rbc1 Ka8 $17 26. Rf1 Rg8 27. f4 gxf4 28. Rxf4 Rxf4 29. Bxf4 h5 30. Nf3 Qe7 31. Re1 Bd7 32. Nh4 Na4 33. Qf2 Qf7 34. Nf3 Nc6 35. Kh2 Rg4 36. Re2 Rg8 37. Bh3 Qf6 38. Qe1 a6 39. Qf2 1/2-1/2